 Dungeon Crawl Stone Soup version 0.29-a0-297-g7659ce593d (webtiles) character file.

Game seed: 14204076708618868879

494 sanka the Covert (level 7, -12/60 HPs)
             Began as a Gnoll Delver on Mar 21, 2022.
             Mangled by an orc
             ... wielding a +2 whip of electrocution
              (16 damage)
             ... on level 4 of the Dungeon.
             The game lasted 00:09:55 (5855 turns).

sanka the Covert (Gnoll Delver)                     Turns: 5855, Time: 00:09:55

Health: -12/60     AC: 26    Str: 14    XL:     7   Next: 15%
Magic:  10/10      EV:  7    Int:  9    God:
Gold:   145        SH:  0    Dex: 13    Spells: 10/10 levels left

rFire   + . .      SeeInvis .   a - +0 halberd
rCold   . . .      Faith    .   (shield currently unavailable)
rNeg    . . .      Spirit   .   C - +18 Lear's hauberk
rPois   .          Reflect  .   (helmet currently unavailable)
rElec   .          Harm     .   (no cloak)
rCorr   .          Rampage  .   (gloves currently unavailable)
Will    .....                   (boots currently unavailable)
Stlth   +.........              (no amulet)
HPRegen 0.20/turn               (no ring)
MPRegen 0.12/turn               v - ring of protection from fire

@: no status effects
A: fangs 1, strong nose, distributed training
a: no special abilities


You were on level 4 of the Dungeon.
You visited 1 branch of the dungeon, and saw 5 of its levels.

You collected 145 gold pieces.


Innate Abilities, Weirdness & Mutations

You have very sharp teeth.
Your uncanny sense of smell can sniff out nearby items.
Your experience applies equally to all skills.


   Skills:
 + Level 7.0 Fighting
 + Level 2.3 Short Blades
 + Level 2.3 Long Blades
 + Level 5.1 Axes
 + Level 2.3 Maces & Flails
 + Level 2.3 Polearms
 + Level 2.3 Staves
 + Level 2.3 Slings
 + Level 2.3 Bows
 + Level 2.3 Crossbows
 + Level 2.3 Throwing
 + Level 2.3 Armour
 + Level 5.1 Dodging
 + Level 9.9 Stealth
 + Level 2.3 Shields
 + Level 2.3 Unarmed Combat
 + Level 2.3 Spellcasting
 + Level 1.8 Conjurations
 + Level 1.8 Hexes
 + Level 1.8 Summonings
 + Level 1.8 Necromancy
 + Level 1.8 Translocations
 + Level 1.8 Transmutations
 + Level 1.8 Fire Magic
 + Level 1.8 Ice Magic
 + Level 1.8 Air Magic
 + Level 1.8 Earth Magic
 + Level 1.8 Poison Magic
 + Level 2.5 Invocations
 + Level 2.3 Evocations


You had 10 spell levels left.
You didn't know any spells.
Your spell library contained the following spells:

 Spells                   Type           Power      Damage    Failure   Level
 Magic Dart               Conj           16%        1d3       98%         1
 Call Imp                 Summ           4%         N/A       99%         2
 Conjure Flame            Conj/Fire      4%         6-21      100%        3
 Ignite Poison            Fire/Tmut/Pois 4%         N/A       100%        3
 Mephitic Cloud           Conj/Pois/Air  4%         N/A       100%        3
 Tukima's Dance           Hex            4%         N/A       100%        3
 Cause Fear               Hex            2%         N/A       100%        4
 Passage of Golubria      Tloc           4%         N/A       100%        4
 Sticky Flame             Conj/Fire      4%         2d3       100%        4
 Yara's Violent Unravell  Hex/Tmut       2%         3d3       100%        5
 Dragon Form              Tmut           2%         N/A       100%        7
 Dragon's Call            Summ           2%         N/A       100%        9

Inventory:

Hand Weapons
 a - a +0 halberd (weapon)
 b - a +1 dagger of venom
 n - a +0 hand axe
 D - a +0 dagger of draining
 E - a +0 war axe
Missiles
 A - 16 poisoned darts (quivered)
 F - 5 javelins
Armour
 i - a +1 pair of boots
 o - a +0 helmet
 z - a +0 leather armour
 C - the +18 Lear's hauberk (worn)
Jewellery
 v - a ring of protection from fire (right hand)
Wands
 g - a wand of digging (3)
 y - a wand of flame (4)
Scrolls
 c - a scroll of fog
 d - a scroll of magic mapping
 e - a scroll of fear
 h - 2 scrolls of brand weapon
 p - a scroll of torment {unknown}
 t - 2 scrolls of blinking {unknown}
 u - 2 scrolls of vulnerability {!r}
 w - 2 scrolls of teleportation {@r4}
 x - a scroll of noise {unknown}
Potions
 f - a potion of haste {@q3}
 j - a potion of mutation {!q}
 k - 2 potions of brilliance
 l - 3 potions of curing {unknown}
 m - a potion of flight {unknown}
 q - a potion of attraction {unknown}
 r - a potion of degeneration {unknown}
 s - 3 potions of heal wounds {unknown}
 B - a potion of cancellation {unknown}

Dungeon Overview and Level Annotations

Branches:
Dungeon (5/15)
 Temple: D:4-7

Altars:
Hepliaklqana
Makhleb
Uskayaw
Xom

Shops:
D:4 =

Annotations:
D:2 1 runed translucent door, Crazy Yiuf
D:5 exclusions: centaur and sky beast

....▒▒▒▒▒.▒▒
▒▒▒....▒▒ ▒...
..▒▒▒ ▒..▒▒▒....▒▒▒
▒... ▒▒▒
▒........▒▒▒ ▒▒.. ▒
▒▒..........▒ ▒..
▒...........▒ ▒..
▒▒..........▒ ▒..
▒▒.........▒▒ ▒..
▒▒.......o..▒ ▒..
▒▒▒ ▒▒.........g.▒
▒▒▒▒..
▒.▒▒▒▒.▒▒.........▒
▒▒..▒..
▒..▒.)▒▒▒........▒▒
▒▒.....▒ ▒....▒▒
▒▒.......▒ ▒.......
▒...▒▒ ▒.......▒
▒▒....... ▒..▒▒
▒▒.....▒▒ ▒.......▒
..▒▒ ▒▒▒▒▒.▒▒
▒.......▒ .▒▒ ▒▒.▒
▒▒.......▒ ▒▒ ▒.▒▒
▒.......▒▒


You could see an orc.


Message History

The phantom is heavily damaged.
The phantom hits you but does no damage.
The ogre hits you with a +0 giant club! The ogre hits you but does no damage.
The phantom hits you but does no damage.
The orc attacks as you move away!
The orc hits you with a +2 whip of electrocution.
You are electrocuted!!
* * * LOW HITPOINT WARNING * * *
The ogre attacks as you move away! The ogre hits you with a +0 giant club.
* * * LOW HITPOINT WARNING * * *
The orc attacks as you move away! The orc hits you but does no damage.
The ogre hits you with a +0 giant club!
* * * LOW HITPOINT WARNING * * *
The orc barely misses you. The ogre attacks as you move away!
The ogre closely misses you. The ogre attacks as you move away!
The ogre barely misses you.
There is a stone staircase leading up here.
The orc closely misses you.
You climb upwards.
There is a stone staircase leading down here.
Unknown command.
You hit the orc but do no damage. The orc hits you but does no damage.
You are electrocuted!
You die...

Action                   |  1- 3 |  4- 6 |  7- 9 || total
-------------------------+-------+-------+-------++-------
Melee: Hand axe          |    35 |       |       ||    35
       Bite              |     2 |     9 |     1 ||    12
       Halberd           |    18 |   195 |    26 ||   239
Throw: Dart              |       |    14 |     1 ||    15
Evoke: Wand              |       |     2 |       ||     2
  Use: Scroll            |     1 |     4 |       ||     5
 Stab: Sleeping          |     4 |    20 |       ||    24
       Distracted        |       |     1 |       ||     1
Armor: Leather armour    |    13 |    60 |       ||    73
       Chain mail        |       |     7 |    23 ||    30
Dodge: Dodged            |    42 |   108 |    14 ||   164

Levels and vault maps discovered:
D:1:      amcnicky_arrival_flooded_fountain, layout_basic, patterned_corridor
D:2:      layout_basic, basic_altar,
          dreamdust_ecumenical_altar_angels_and_demons,
          nicolae_figureground_pulse, uniq_crazy_yiuf_cottage, uniq_robin
D:3:      layout_loops_ring, hangedman_abyss_or_decor_stabs, minmay_pentangle
D:4:      layout_cave_pods, overflow_temple_1_default,
          mainiacjoe_overflow_paths, serial_shops, nicolae_shop_behind_doors,
          minmay_misc_feat_rugged, uniq_eustachio
D:5:      minmay_razor_zed, layout_basic, doesnt_xom_only_xom,
          portal_sewer_entry_a, nicolae_wooded_promenade,
          minmay_fractal_squares_gapless_5

Notes
Turn   | Place    | Note
-------+----------+-------------------------------------------
     0 | D:5      | Reached skill level 9 in Stealth
     0 | D:5      | sanka the Gnoll Delver began the quest for the Orb.
     0 | D:5      | Reached XP level 1. HP: 23/23 MP: 1/1
    19 | D:4      | Noticed Eustachio
    59 | D:5      | Noticed a sky beast
    81 | D:5      | Noticed a centaur
   126 | D:5      | Noticed a centaur
   381 | D:5      | Noticed a black bear
   417 | D:5      | Found a glowing silver altar of Zin.
   419 | D:5      | Found a basalt altar of Yredelemnul.
   419 | D:5      | Found a burning altar of Makhleb.
   422 | D:5      | Found a glowing silver altar of Zin.
   422 | D:5      | Found a basalt altar of Yredelemnul.
   422 | D:5      | Found a shimmering altar of Xom.
   803 | D:4      | Reached XP level 2. HP: 18/29 MP: 2/2
   814 | D:4      | Found a hazy altar of Hepliaklqana.
  1373 | D:1      | Reached XP level 3. HP: 35/35 MP: 3/3
  1881 | D:1      | Reached skill level 1 in Invocations
  2236 | D:2      | Reached skill level 1 in Short Blades
  2236 | D:2      | Reached skill level 1 in Long Blades
  2236 | D:2      | Reached skill level 1 in Maces & Flails
  2236 | D:2      | Reached skill level 1 in Polearms
  2236 | D:2      | Reached skill level 1 in Staves
  2236 | D:2      | Reached skill level 1 in Slings
  2236 | D:2      | Reached skill level 1 in Bows
  2236 | D:2      | Reached skill level 1 in Crossbows
  2236 | D:2      | Reached skill level 1 in Throwing
  2236 | D:2      | Reached skill level 1 in Armour
  2236 | D:2      | Reached skill level 1 in Shields
  2236 | D:2      | Reached skill level 1 in Unarmed Combat
  2236 | D:2      | Reached skill level 1 in Spellcasting
  2236 | D:2      | Reached skill level 1 in Evocations
  2236 | D:2      | Reached XP level 4. HP: 41/41 MP: 5/5
  2286 | D:2      | Found a runed translucent door.
  2287 | D:2      | Noticed Crazy Yiuf
  2330 | D:2      | Found a burning altar of Makhleb.
  2371 | D:2      | Noticed Robin
  2442 | D:2      | Found a faded altar of an unknown god.
  2590 | D:2      | Killed Robin
  2591 | D:2      | Reached skill level 1 in Conjurations
  2591 | D:2      | Reached skill level 1 in Hexes
  2591 | D:2      | Reached skill level 1 in Summonings
  2591 | D:2      | Reached skill level 1 in Necromancy
  2591 | D:2      | Reached skill level 1 in Translocations
  2591 | D:2      | Reached skill level 1 in Transmutations
  2591 | D:2      | Reached skill level 1 in Fire Magic
  2591 | D:2      | Reached skill level 1 in Ice Magic
  2591 | D:2      | Reached skill level 1 in Air Magic
  2591 | D:2      | Reached skill level 1 in Earth Magic
  2591 | D:2      | Reached skill level 1 in Poison Magic
  3352 | D:3      | Reached XP level 5. HP: 45/47 MP: 6/6
  4443 | D:4      | Reached skill level 2 in Invocations
  4443 | D:4      | Reached XP level 6. HP: 28/53 MP: 8/8
  4595 | D:3      | Killed Eustachio
  4596 | D:3      | Reached skill level 2 in Short Blades
  4596 | D:3      | Reached skill level 2 in Long Blades
  4596 | D:3      | Reached skill level 5 in Axes
  4596 | D:3      | Reached skill level 2 in Maces & Flails
  4596 | D:3      | Reached skill level 2 in Polearms
  4596 | D:3      | Reached skill level 2 in Staves
  4596 | D:3      | Reached skill level 2 in Slings
  4596 | D:3      | Reached skill level 2 in Bows
  4596 | D:3      | Reached skill level 2 in Crossbows
  4596 | D:3      | Reached skill level 2 in Throwing
  4596 | D:3      | Reached skill level 2 in Armour
  4596 | D:3      | Reached skill level 5 in Dodging
  4596 | D:3      | Reached skill level 2 in Shields
  4596 | D:3      | Reached skill level 2 in Unarmed Combat
  4596 | D:3      | Reached skill level 2 in Spellcasting
  4596 | D:3      | Reached skill level 2 in Evocations
  4882 | D:4      | Found Somnaros's Jewellery Shop.
  4892 | D:4      | Found the +18 Lear's hauberk
  5336 | D:4      | Found a hide-covered altar of Uskayaw.
  5673 | D:5      | Reached XP level 7. HP: 51/59 MP: 10/10
  5829 | D:5      | Reached skill level 7 in Fighting
  5847 | D:5      | HP: 2/60 [ogre/+0 giant club (11)]
  5855 | D:4      | Mangled by an orc

Vanquished Creatures
  Eustachio (D:3)
  A necrophage (D:5)
  A jelly (D:5)
  2 iguanas
  An orc wizard (D:4)
  Robin (D:2)
  5 adders
  3 gnolls
  An ufetubus (D:5)
  2 worms
  A dart slug (D:2)
  6 orcs
  7 ball pythons
  2 endoplasms
  5 giant cockroaches
  14 goblins
  11 hobgoblins
  8 kobolds
  4 quokkas
  5 bats
  A frilled lizard (D:2)
  6 rats
88 creatures vanquished.
